 Dungeon Crawl Stone Soup version 0.28-a0-683-ga8797d1ae1 (webtiles) character file.

Game seed: 9701966897686986610

1126 KoroneIsBestGirl the Covered (level 8, -1/94 (97) HPs)
             Began as a Barachi Fighter on Oct 19, 2021.
             Was an Initiate of Gozag.
             Slain by a troll (7 damage)
             ... on level 5 of the Dungeon.
             The game lasted 00:08:48 (7003 turns).

KoroneIsBestGirl the Covered (Barachi Fighter)      Turns: 7003, Time: 00:08:49

HP:   -1/94 (97)    AC: 24    Str: 18    XL:     8   Next: 35%
MP:   8/8           EV:  2    Int: 10    God:    Gozag
Gold: 312           SH:  5    Dex: 12    Spells: 6/7 levels left

rFire   + . .      SeeInvis .   a - +0 long sword
rCold   . . .      Faith    .   c - +0 buckler
rNeg    . . .      Spirit   .   (armour currently unavailable)
rPois   +          Reflect  .   (helmet currently unavailable)
rElec   .          Harm     .   (cloak currently unavailable)
rCorr   .          Rampage  .   (gloves currently unavailable)
Will    .....      NoTele   +   (boots currently unavailable)
Stlth   +.........              (no amulet)
HPRegen 0.25/turn               m - +4 ring of evasion
MPRegen 0.11/turn               y - ring of protection from fire

@: tree-form, attractive, lightly drained
A: stationary, stasis, torment immunity, boosted hp, (amphibious), (slowness 1),
(strong legs 1), +LOS
a: Renounce Religion, Potion Petition, Call Merchant, Bribe Branch


You were on level 5 of the Dungeon.
You worshipped Gozag.
Gozag was aware of your devotion.
You were a tree.
You visited 1 branch of the dungeon, and saw 7 of its levels.

You collected 407 gold pieces.
You paid 95 gold pieces to Gozag.

Inventory:

Hand Weapons
 a - a +0 long sword (weapon)
Armour
 b - a +0 scale mail (melded)
 c - a +0 buckler (worn)
 e - a +0 tower shield
 i - a +0 cloak (melded)
 C - a +0 helmet (melded)
Jewellery
 m - a +4 ring of evasion (left branch)
 y - a ring of protection from fire (right branch)
Wands
 d - a wand of iceblast (9)
Scrolls
 f - 3 scrolls of enchant weapon {unknown}
 g - a scroll of fog {unknown}
 j - 3 scrolls of identify {unknown}
 k - 3 scrolls of summoning
 q - 2 scrolls of fear {unknown}
 s - a scroll of immolation {unknown}
 t - a scroll of enchant armour {unknown}
 v - a scroll of silence {unknown}
 w - a scroll of magic mapping {unknown}
 x - a scroll of noise
 A - 2 scrolls of vulnerability
Potions
 l - 3 potions of flight
 o - a potion of brilliance {unknown}
 p - a potion of mutation {unknown}
 r - a potion of invisibility {unknown}
 u - 2 potions of haste {unknown}
 z - a potion of berserk rage {unknown}
 B - a potion of curing


   Skills:
 + Level 6.6 Fighting
 + Level 6.0 Long Blades
 + Level 6.6 Armour
 + Level 2.1 Dodging
 + Level 6.1 Shields


You had 6 spell levels left.
You knew the following spells:

 Your Spells              Type           Power      Damage    Failure   Level
a - Freeze                Ice            0%         1d3       36%         1

Your spell library contained the following spells:

 Spells                   Type           Power      Damage    Failure   Level
 Corpse Rot               Necr/Air       0%         N/A       50%         2
 Dazzling Flash           Conj/Hex       0%         N/A       75%         3
 Dispel Undead            Necr           0%         3d6       98%         4
 Iskenderun's Mystic Bla  Conj/Tloc      0%         2d3       98%         4
 Death Channel            Necr           0%         N/A       100%        6
 Starburst                Conj/Fire      0%         6d3       100%        6


Dungeon Overview and Level Annotations

Branches:
Dungeon (7/15)
 Temple: D:4-7

Altars:
Gozag
Kikubaaqudgha
Trog
Vehumet
Xom
Zin
Beogh

Annotations:
D:3 3 runed translucent doors, bande's ghost, amateur GrFi


Innate Abilities, Weirdness & Mutations

You are a tree.
Your roots penetrate the ground, keeping you stationary.
You cannot be teleported.
You are immune to unholy pain and torment.
Your maximum health is greatly increased.
Your equipment is partially melded.
((You are amphibious.))
((You cover ground slowly.))
((You can hop short distances.))
You have an extended range of vision and can be seen from far away.


Message History

You see here a staff of death.
The wight hits you with a +0 great sword.
You feel drained. The wight misses you. The troll bites you.
The troll closely misses you. The troll claws you but does no damage.
The troll bites you but does no damage. You block the troll's attack.
The troll claws you.
There is a stone staircase leading up here.
You can't go down here!
You are ready to hop once more.
The troll closely misses you. The troll barely misses you.
The troll claws you but does no damage.
You climb upwards.
There is a stone staircase leading down here.
It was a potion of lignification.
You turn into a tree.
Your +0 cloak melds into your body.
Your +0 helmet melds into your body.
Your +0 scale mail melds into your body.
Your roots penetrate the ground.
The troll bites you but does no damage. The troll claws you but does no damage.
The troll claws you!
* * * LOW HITPOINT WARNING * * *
You hit the troll but do no damage. You block the troll's attack.
The troll claws you but does no damage. You block the troll's attack.
You slash the troll!
The troll is moderately wounded.
The troll bites you but does no damage.
The troll claws you but does no damage. x2
The troll bites you but does no damage. The troll barely misses you.
The troll claws you!
* * * LOW HITPOINT WARNING * * *
It was a potion of flight.
Your roots keep you in place.
The troll bites you but does no damage. The troll claws you but does no damage.
The troll claws you.
* * * LOW HITPOINT WARNING * * *
It was a potion of attraction.
You feel attractive to monsters. The troll bites you but does no damage.
The troll claws you.
* * * LOW HITPOINT WARNING * * *
The troll claws you!
You die...
Your body crumbles into a pile of gold.

.....############..##
.....#..............#
.....'..............#
.....#..............#
.....###.####.#######
###'####.####.##.#
.#.....#...#.....#
.#.....#...'...T.#
.#.....#...#....♣#
.#.....#...#.....#
###...###..##.##.#
.####'##########.#####
.......+.............#
.......#.............#
###..####.##..####..##
###..####.##..####..#
...........#.....#..#


You could see a troll.

Vanquished Creatures
  Edmund (D:5)
  A water moccasin (D:6)
  An ice beast (D:5)
  2 ogres
  A bullfrog (D:3)
  A wyvern zombie (D:6)
  A bullfrog zombie (D:5)
  2 orc priests
  3 hounds
  2 iguanas (D:5)
  3 orc wizards
  A hound zombie (D:5)
  4 gnolls (D:4)
  6 adders
  A white imp (D:6)
  2 dart slugs
  6 orcs
  7 ball pythons
  8 bats
  8 endoplasms
  2 giant cockroaches
  8 goblins
  9 hobgoblins
  3 jackals (D:1)
  A quokka (D:1)
  4 frilled lizards
  5 kobolds
  4 rats
97 creatures vanquished.

Vanquished Creatures (collateral kills)
  An orc (D:4)
1 creature vanquished.

Vanquished Creatures (others)
  An orc wizard (D:6)
1 creature vanquished.

Grand Total: 99 creatures vanquished

Notes
Turn   | Place    | Note
-------+----------+-------------------------------------------
     0 | D:1      | KoroneIsBestGirl the Barachi Fighter began the quest for
                  | the Orb.
     0 | D:1      | Reached XP level 1. HP: 18/18 MP: 1/1
    59 | D:1      | Found a faded altar of an unknown god.
    67 | D:1      | Prayed at the altar of an unknown god.
    67 | D:1      | Became a worshipper of Vehumet
    67 | D:1      | Reached * piety under Vehumet
    67 | D:1      | Offered knowledge of Freeze by Vehumet.
   285 | D:1      | Reached XP level 2. HP: 16/25 MP: 2/2
   559 | D:1      | Learned a level 1 spell: Freeze
   823 | D:1      | Reached XP level 3. HP: 30/30 MP: 3/3
  1157 | D:1      | Reached ** piety under Vehumet
  1157 | D:1      | Offered knowledge of Poisonous Vapours by Vehumet.
  1616 | D:2      | Reached XP level 4. HP: 13/37 MP: 4/4
  1957 | D:2      | Found a bloodstained altar of Trog.
  2746 | D:3      | Found a radiant altar of Vehumet.
  2871 | D:3      | Found an ancient bone altar of Kikubaaqudgha.
  2888 | D:3      | Offered knowledge of Inner Flame by Vehumet.
  2991 | D:3      | Found a runed translucent gate.
  2991 | D:3      | Noticed bande's ghost (amateur GrFi)
  2992 | D:3      | Found a runed translucent gate.
  2992 | D:3      | Identified the +3 dagger "Gram" {vamp, rF++ Will- Int+5}
  2994 | D:3      | Found a runed translucent gate.
  3281 | D:4      | Noticed a bullfrog
  3294 | D:3      | Killed a bullfrog
  3295 | D:3      | Reached XP level 5. HP: 32/43 MP: 5/5
  3388 | D:4      | Noticed Edmund
  3400 | D:4      | HP: 1/37 [Edmund (3)]
  4323 | D:5      | Entered Level 5 of the Dungeon
  4497 | D:5      | Reached skill level 5 in Fighting
  4497 | D:5      | Reached skill level 5 in Armour
  4497 | D:5      | Reached XP level 6. HP: 45/51 MP: 6/6
  4786 | D:5      | Found a glowing silver altar of Zin.
  4969 | D:5      | Noticed an ice beast
  4996 | D:5      | Killed an ice beast
  5193 | D:5      | Reached skill level 5 in Shields
  5663 | D:5      | Killed Edmund
  5664 | D:5      | Reached skill level 5 in Long Blades
  5664 | D:5      | Reached XP level 7. HP: 31/57 MP: 7/7
  5958 | D:4      | Reached *** piety under Vehumet
  6372 | D:4      | Found an opulent altar of Gozag.
  6499 | D:4      | Fell from the grace of Vehumet
  6499 | D:4      | Became a worshipper of Gozag Ym Sagoz the Greedy
  6661 | D:6      | Reached skill level 1 in Dodging
  6662 | D:6      | Reached XP level 8. HP: 62/65 MP: 8/8
  6924 | D:6      | Noticed a troll
  6926 | D:6      | Found a shimmering altar of Xom.
  7003 | D:5      | Slain by a troll

Illustrated notes

Levels and vault maps discovered:
D:1:      elethiomel_arrival_infinity_welcomes_careful_drivers, layout_basic,
          hellmonk_ecumenical_altar_slurped_away, minmay_tetromino_l2
D:2:      layout_loops_ring, basic_altar
D:3:      layout_loops_ring, mainiacjoe_overflow_24_doors,
          general_overflow_altar, biasface_ghost_orc_armoury
D:4:      layout_rooms, grunt_gozag_breadcrumbs, minmay_pentangle, uniq_edmund
D:5:      layout_gridville, zin_academy
D:6:      layout_basic, minmay_temple_entry_metal_lava, hangedman_feature_mirror
D:7:      layout_basic, nicolae_ru_the_path_less_chosen, lemuel_tele_altar

Skill      XL: |  1  2  3  4  5  6  7  8 |
---------------+-------------------------+-----
Fighting       | 4 5 6 |  6.6
Armour         | 4 5 6 |  6.6
Long Blades    | 3 4 5 6 |  6.0
Shields        | 4 5 6 |  6.1
Dodging        | 1 2 |  2.1

Action                   |  1- 3 |  4- 6 |  7- 9 || total
-------------------------+-------+-------+-------++-------
Melee: Long sword        |   124 |   180 |   176 ||   480
 Abil: Hop               |       |     1 |     1 ||     2
  Use: Potion            |       |     2 |     4 ||     6
       Scroll            |       |       |     3 ||     3
 Stab: Distracted        |       |       |     2 ||     2
Armor: Scale mail        |    67 |    57 |    71 ||   195
       Skin              |       |       |    10 ||    10
Dodge: Dodged            |    49 |    94 |    94 ||   237
Block: Buckler           |    26 |    49 |    41 ||   116

Table legend: (Time is in decaauts)
 A = Elapsed time spent in this place.
 B = Non-inter-level travel time spent in this place.
 C = Inter-level travel time spent in this place.
 D = Time resting spent in this place.
 E = Time spent auto-exploring this place.
 F = Levels seen in this place.
 G = Mean time per level.
                   A        B        C        D        E       F      G
               +--------+--------+--------+--------+--------+-----+--------+
         Total |   7792 |   7483 |    309 |   1066 |   5290 |   7 | 1113.1 |
       Dungeon |   7792 |   7483 |    309 |   1066 |   5290 |   7 | 1113.1 |
               +--------+--------+--------+--------+--------+-----+--------+

Top non-repeatable levels by time:
     D:5: 1691 daAuts
     D:1: 1658 daAuts
     D:3: 1616 daAuts
     D:4: 1394 daAuts
     D:2: 979 daAuts
     D:6: 424 daAuts
     D:7: 27 daAuts
